 Dungeon Crawl Stone Soup version 0.24.0-10-g970556be89 (webtiles) character file.

Game seed: 13857421655927555489, levelgen mode: deterministic

322 Granthy the Chopper (level 6, 0/47 HPs)
             Began as a Demonspawn Gladiator on Nov 3, 2019.
             Succumbed to Edmund's poison
             ... on level 4 of the Dungeon.
             The game lasted 00:06:06 (2790 turns).

Granthy the Chopper (Demonspawn Gladiator)          Turns: 2790, Time: 00:06:06

Health: 0/47       AC:  5    Str: 16    XL:     6   Next: 22%
Magic:  6/6        EV: 18    Int: 15    God:
Gold:   68         SH:  0    Dex: 19    Spells: 5/5 levels left

rFire    . . .     SeeInvis .   a - +0 war axe
rCold    . . .     Gourm    .   (no shield)
rNeg     . . .     Faith    .   b - +0 leather armour
rPois    .         Spirit   .   p - +0 helmet
rElec    .         Reflect  .   (no cloak)
rCorr    +         Harm     .   k - +0 pair of gloves (curse)
MR       .....                  (no boots)
Stlth    +++.......             (no amulet)
HPRegen  0.15/turn              r - ring of resist corrosion
MPRegen  0.10/turn              (no ring)

@: brilliant, agile, lethally poisoned (0 -> -37), very slightly contaminated,
invisible
A: powered by death 3
a: no special abilities


You were on level 4 of the Dungeon.
You were not hungry.

You visited 1 branch of the dungeon, and saw 4 of its levels.

You collected 68 gold pieces.

Inventory:

Hand Weapons
 a - a +0 war axe (weapon)
Missiles
 d - 3 throwing nets (quivered)
 e - 3 silver boomerangs
 q - 2 datura-tipped darts
Armour
 b - a +0 leather armour (worn)
 c - a +0 helmet
 i - a +0 plate armour
 k - a cursed +0 pair of gloves (worn)
 p - a +0 helmet (worn)
Jewellery
 o - a +2 ring of strength {unknown}
 r - a ring of resist corrosion (left hand)
Scrolls
 g - 2 scrolls of magic mapping {unknown}
 h - 3 scrolls of identify {unknown}
 l - 2 scrolls of remove curse {unknown}
 m - 2 scrolls of immolation {unknown}
 n - 2 scrolls of enchant weapon {unknown}
 u - a scroll of amnesia {unknown}
 x - a scroll of blinking {unknown}
Comestibles
 f - 7 rations
 v - 2 chunks of flesh


   Skills:
 + Level 3.2 Fighting
 + Level 5.3 Axes
 - Level 1.7 Throwing
 + Level 2.2 Armour
 - Level 2.6 Dodging
 - Level 0.4 Stealth


You had 5 spell levels left.
You didn't know any spells.
Your spell library was empty.

Dungeon Overview and Level Annotations

Branches:
Dungeon (4/15)
 Temple: D:4-7

Altars:
Ashenzari
Xom

Annotations:
D:4 Edmund


Innate Abilities, Weirdness & Mutations

You regenerate a lot of health from kills.


Message History

You feel very sick.
You barely miss Edmund.
Edmund is severely wounded.
You feel less invigorated.
You feel less confused.
You feel very sick.
Edmund hits you with a +1 flail of venom.
* * * LOW HITPOINT WARNING * * *
You are more poisoned.
You hit Edmund but do no damage.
Edmund is severely wounded.
* * * LOW HITPOINT WARNING * * *
You feel very sick.
* * * LOW HITPOINT WARNING * * *
You feel very sick. Edmund misses you.
You catch the helpless Edmund completely off-guard!
You hit Edmund.
Edmund is severely wounded.
You die...

#.# #.# #.#
#.# ## #.#
.# #.# .#
#.# .#
#.##.##.###
#..@@......
####.##.#.#
... ##..#
...< ###.


You could see Edmund.

Vanquished Creatures
  A centaur (D:3)
  The ghost of hofbold the Ruffian, a weakling TrTm (D:3)
  A crimson imp (D:3)
  4 gnolls
  4 adders
  4 worms
  A dart slug (D:2)
  3 leopard geckos
  An orc (D:2)
  5 giant cockroaches
  3 goblins
  7 hobgoblins
  5 jackals
  7 kobolds
  8 quokkas
  6 bats
  5 frilled lizards
  5 rats
  3 plants (D:1)
74 creatures vanquished.

Vanquished Creatures (others)
  5 dream sheep (D:3)
5 creatures vanquished.

Grand Total: 79 creatures vanquished

Notes
Turn   | Place    | Note
-------+----------+-------------------------------------------
     0 | D:1      | Granthy the Demonspawn Gladiator began the quest for the
                  | Orb.
     0 | D:1      | Reached XP level 1. HP: 16/16 MP: 1/1
    51 | D:1      | Reached skill level 3 in Axes
    51 | D:1      | Gained mutation: You regenerate a little health from kills.
                  | [demonic ancestry]
    51 | D:1      | Reached XP level 2. HP: 11/22 MP: 2/2
   431 | D:1      | You fall into a shaft and drop 1 floor!
   437 | D:2      | Gained mutation: You regenerate health from kills. [demonic
                  | ancestry]
   437 | D:2      | Reached XP level 3. HP: 21/28 MP: 3/3
   784 | D:2      | Reached skill level 1 in Armour
   885 | D:2      | Reached XP level 4. HP: 34/34 MP: 4/4
   966 | D:2      | Reached skill level 4 in Axes
  1931 | D:3      | Noticed a dream sheep
  1931 | D:3      | Noticed a dream sheep
  1931 | D:3      | Noticed a dream sheep
  1931 | D:3      | Noticed a dream sheep
  1931 | D:3      | Noticed a dream sheep
  1931 | D:3      | Found a shimmering altar of Xom.
  1935 | D:3      | Killed a dream sheep
  1935 | D:3      | Killed a dream sheep
  1935 | D:3      | Killed a dream sheep
  1935 | D:3      | Killed a dream sheep
  1937 | D:3      | Reached XP level 5. HP: 39/40 MP: 5/5
  1937 | D:3      | Killed a dream sheep
  2112 | D:3      | Noticed a centaur
  2120 | D:3      | Killed a centaur
  2319 | D:3      | Found a runed translucent gate.
  2321 | D:3      | Found a runed translucent gate.
  2321 | D:3      | Noticed hofbold's ghost (weakling TrTm)
  2326 | D:3      | Found a runed translucent gate.
  2355 | D:3      | Reached skill level 5 in Axes
  2355 | D:3      | Gained mutation: You regenerate a lot of health from kills.
                  | [demonic ancestry]
  2355 | D:3      | Reached XP level 6. HP: 47/47 MP: 6/6
  2510 | D:3      | Found a shattered altar of Ashenzari.
  2728 | D:3      | Killed hofbold's ghost
  2774 | D:4      | Noticed Edmund
  2790 | D:4      | Succumbed to Edmund's poison

Levels and vault maps discovered:
D:1:      roderic_crop_circles_arrival_small, layout_loops_cross
D:2:      layout_loops_corners, corexii_item_surrounded_by_moat,
          minmay_misc_feat_room
D:3:      layout_loops_ring, marbit_many_paths, gammafunk_ghost_split,
          first_ration, kb_xom_exploding_sheep
D:4:      kb_forest_paths, layout_basic, overflow_temple_1_default,
          serial_shops, nicolae_shop_behind_doors, hangedman_decor_push,
          uniq_edmund, uniq_menkaure

Skill      XL: |  1  2  3  4  5 |
---------------+----------------+-----
Axes           | 3 4 5 |  5.3
Armour         | 1 2 |  2.2
Fighting       | 3 |  3.2
Throwing       | |  1.7
Dodging        | |  2.6
Stealth        | |  0.4

Action                   |  1- 3 |  4- 6 || total
-------------------------+-------+-------++-------
Melee: War axe           |   108 |   140 ||   248
  Use: Potion            |     1 |     4 ||     5
 Stab: Sleeping          |     2 |       ||     2
       Invisible         |       |     1 ||     1
  Eat: Chunk             |       |     6 ||     6
Armor: Leather armour    |    36 |    41 ||    77
Dodge: Dodged            |    78 |   107 ||   185
